Rafales vs Condors
Created - November 21, 2020 at 22:43
Goals
|
| Rafales |
2 |
5 |
2 |
9 |
| Condors |
2 |
4 |
1 |
7 |
|
Shots
|
| Rafales |
10 |
20 |
7 |
37 |
| Condors |
13 |
13 |
10 |
36 |
|
1st period
1. Rafales , Brian Ferlin 7 (Connor Murphy 12) at 8:55
2. Condors , Andrew Mangiapane 2 (Zac Leslie 6, Tyler Bozak 10) at 9:39
3. Rafales , Zac Dalpe 7 (Brian Ferlin 2) at 11:29
4. Condors , Frederik Gauthier 6 (Nail Yakupov 8, Anton Slepyshev 3) at 13:38
Penalties :
Christian Thomas (Bak) for Hooking (Minor) at 3:46
2nd period
5. Rafales , Andrew Shaw 6 (Garret Ross 4, Jayson Megna 5) at 0:35
6. Rafales , James Sheppard 5 (Julian Melchiori 8, Brian Ferlin 3) at 2:02
7. Rafales , Garret Ross 6 (Andrew Shaw 15, Jayson Megna 6) at 4:14 (PP)
8. Condors , Mark Jankowski 4 (Frederik Gauthier 11, Eric Gustafsson 12) at 6:50 (SH)
9. Rafales , James Sheppard 6 (Zac Dalpe 8) at 9:49
10. Condors , Alex Tuch 6 (Frederik Gauthier 12, Anton Slepyshev 4) at 11:36 (PP)
11. Condors , Nail Yakupov 8 (Anton Slepyshev 5, Frederik Gauthier 13) at 13:17
12. Condors , Daniel Zaar 6 (Mark Jankowski 4) at 14:14
13. Rafales , James Livingstone 2 (Joe Labate 2, Zac Dalpe 9) at 19:00
Penalties :
Nail Yakupov (Bak) for Hooking (Minor) at 3:40, Carl Gunnarsson (Bak) for Hooking (Minor) at 6:12, Andrew Shaw (Stf) for Hooking (Minor) at 11:22
3rd period
14. Rafales , Borna Rendulic 3 (Joey Laleggia 2, Pavel Kraskovsky 1) at 5:57
15. Condors , C.J Suess 2 (Mikko Lehtonen 5, Zac Leslie 7) at 17:32
16. Rafales , Gabriel Carlsson 1 (Andrew Shaw 16) at 18:59 (Empty Net)
Penalties :
Julian Melchiori (Stf) for Elbowing (Minor) at 7:14, Daniel Zaar (Bak) for Interference (Minor) at 14:46
Goalie Stats
Chris Driedger (Stf), 29 saves from 36 shots - (0.806), W, 2-0-0, 60:00 minutes
Mackenzie Blackwood (Bak), 8 saves from 12 shots - (0.667), 22:02 minutes
Mark Visentin (Bak), 20 saves from 24 shots - (0.833), L, 1-3-1, 37:52 minutes
Players Stats for Rafales
Player Name G A P +/- PIM S H SB GA TA FO MP PP MP PK MP
------------------------------------------------------------------------------------
Andrew Shaw 1 2 3 0 2 8 0 0 1 0 2/2 19:28 2:57 0:26
Ben Johnson 0 0 0 0 0 0 0 0 0 0 0/0 1:00 0:00 0:36
Ben Thomson 0 0 0 -2 0 1 2 0 0 0 1/1 11:11 0:00 0:36
Borna Rendulic 1 0 1 1 0 2 2 0 1 0 0/0 8:47 0:00 0:00
Brian Ferlin 1 2 3 3 0 1 2 2 3 1 0/1 20:33 3:34 1:11
Connor Murphy 0 1 1 -1 0 1 0 2 0 0 0/0 25:20 4:46 0:43
Dylan McIlrath 0 0 0 -1 0 0 0 0 0 0 0/0 19:38 0:00 0:19
Gabriel Carlsson 1 0 1 3 0 1 2 1 0 1 0/0 24:11 4:46 1:16
Garret Ross 1 1 2 0 0 3 2 0 0 0 0/1 19:03 2:57 0:00
James Livingstone 1 0 1 -2 0 1 1 0 0 0 0/0 10:11 0:00 0:00
James Sheppard 2 0 2 3 0 5 2 1 0 0 1/2 19:22 3:34 0:00
Jayson Megna 0 2 2 0 0 1 4 1 0 0 8/23 19:29 2:57 0:26
Joe Labate 0 1 1 -2 0 2 1 0 0 0 3/7 10:11 0:00 0:00
Joey Laleggia 0 1 1 0 0 1 0 1 0 0 0/0 17:01 1:45 1:28
Julian Melchiori 0 1 1 2 2 2 0 4 0 1 0/0 20:12 1:45 0:14
Pavel Kraskovsky 0 1 1 1 0 4 2 0 0 1 0/2 8:47 0:00 0:00
Slater Koekkoek 0 0 0 1 0 0 2 0 1 0 0/0 14:01 0:00 0:26
Tyrell Goulbourne 0 0 0 1 0 0 0 0 1 0 0/0 8:47 0:00 0:00
Zac Dalpe 1 2 3 3 0 4 3 0 1 0 16/27 20:33 3:34 1:11
Players Stats for Condors
Player Name G A P +/- PIM S H SB GA TA FO MP PP MP PK MP
------------------------------------------------------------------------------------
Alex Tuch 1 0 1 -1 0 2 2 0 0 1 1/3 19:08 1:15 1:07
Andrew Mangiapane 1 0 1 -1 0 3 3 1 2 0 0/1 18:04 0:54 0:28
Anton Slepyshev 0 3 3 -1 0 1 2 1 0 0 0/0 16:05 1:15 0:00
Brett Lernout 0 0 0 0 0 0 1 0 0 0 0/0 14:23 0:00 1:46
C.J Suess 1 0 1 0 0 1 1 0 0 0 0/0 6:49 0:00 0:00
Carl Gunnarsson 0 0 0 -2 2 1 3 2 0 1 0/0 26:48 1:07 3:15
Chris Bigras 0 0 0 -1 0 1 0 4 0 1 0/0 17:18 1:06 0:00
Christian Thomas 0 0 0 -1 2 3 0 0 0 0 0/0 12:34 0:00 0:00
Daniel Zaar 1 0 1 -1 2 2 1 1 0 0 0/0 12:50 0:04 0:00
Eric Gustafsson 0 1 1 -1 0 1 2 2 0 1 0/0 28:19 1:07 4:45
Erik Cernak 0 0 0 2 0 0 1 1 0 1 0/0 13:38 0:00 1:30
Frederik Gauthier 1 3 4 1 0 6 1 0 0 0 9/15 17:31 1:15 1:35
Louis Leblanc 0 0 0 0 0 1 0 0 0 0 0/2 7:31 0:04 0:00
Mark Jankowski 1 1 2 0 0 3 2 1 0 0 6/9 14:08 0:00 2:09
Mikko Lehtonen 0 1 1 0 0 1 2 0 1 0 0/1 7:08 0:04 0:00
Nail Yakupov 1 1 2 -1 2 7 2 0 0 0 0/1 19:45 0:54 3:25
Tyler Bozak 0 1 1 -2 0 3 1 2 1 2 19/34 21:52 0:54 4:18
Zac Leslie 0 2 2 -2 0 0 0 0 0 1 0/0 19:34 1:06 1:46
3 Stars
1 - Zac Dalpe (Stf)
2 - Brian Ferlin (Stf)
3 - James Sheppard (Stf)
Power Play
Rafales - 1 on 4 Attempt(s) - 25.00%
Condors - 1 on 2 Attempt(s) - 50.00%
Penalty Kill
Rafales - 1 on 2 Attempt(s) - 50.00%
- Score 0 goal in Penalty Kill
Condors - 3 on 4 Attempt(s) - 75.00%
- Score 1 goal in Penalty Kill
Team Stat
Rafales - Hits : 25 - Faceoff Wins : 31 - Blocked Shots : 12 - Penalty Minutes : 4
Condors - Hits : 24 - Faceoff Wins : 35 - Blocked Shots : 15 - Penalty Minutes : 8
Official
Referees : Unknown
Linesman : Unknown
Game Notes
Mark Visentin enters game at 2:02 of 2nd period
Gabriel Carlsson has scored in a empty net!
Finance
Level 1 -- Attendance: 1212 (60.60%) -- Ticket Income $48,480
Level 2 -- Attendance: 637 (63.70%) -- Ticket Income $12,740
Total Attendance: 1849 (61.63%)
Total Ticket Income: $61,220
Other Income: $3,061
Total Income: $64,281
Rafales
5 vs 5 Forward
Center Left Wing Right Wing Time % Phy DF OF
1 Zac Dalpe James Sheppard Brian Ferlin 35 1 1 3
2 Jayson Megna Garret Ross Andrew Shaw 33 2 1 2
3 Joe Labate Ben Thomson James Livingstone 18 1 2 2
4 Pavel Kraskovsky Tyrell Goulbourne Borna Rendulic 14 1 2 2
5 vs 5 Defense
Defense Defense Time % Phy DF OF
1 Connor Murphy Dylan McIlrath 40 1 2 2
2 Gabriel Carlsson Julian Melchiori 35 1 2 2
3 Joey Laleggia Slater Koekkoek 25 1 2 2
4 Connor Murphy Gabriel Carlsson 0 1 2 2
PowerPlay Forward
Center Left Wing Right Wing Time % Phy DF OF
1 Zac Dalpe James Sheppard Brian Ferlin 60 0 1 4
2 Jayson Megna Garret Ross Andrew Shaw 40 1 0 4
PowerPlay Defense
Defense Defense Time % Phy DF OF
1 Connor Murphy Gabriel Carlsson 60 1 1 3
2 Joey Laleggia Julian Melchiori 40 1 1 3
Penalty Kill 4 Players Forward
Center Wing Time % Phy DF OF
1 Zac Dalpe Brian Ferlin 60 2 3 0
2 Jayson Megna Andrew Shaw 40 1 4 0
Penalty Kill 4 Players Defense
Defense Defense Time % Phy DF OF
1 Joey Laleggia Julian Melchiori 60 1 3 1
2 Dylan McIlrath Gabriel Carlsson 40 1 3 1
Penalty Kill - 3 Players Forward
Forward Time % Phy DF OF
1 Jayson Megna 60 2 3 0
2 Zac Dalpe 40 1 4 0
Penalty Kill - 3 Players Defense
Defense Defense Time % Phy DF OF
1 Joey Laleggia Julian Melchiori 60 1 3 1
2 Dylan McIlrath Gabriel Carlsson 40 1 3 1
4 vs 4 Forward
Center Wing Time % Phy DF OF
1 Zac Dalpe Andrew Shaw 60 1 2 2
2 Jayson Megna James Sheppard 40 1 2 2
4 vs 4 Defense
Defense Defense Time % Phy DF OF
1 Connor Murphy Dylan McIlrath 60 1 2 2
2 Joey Laleggia Julian Melchiori 40 1 2 2
Last Minutes Offensive
Center Left Wing Right Wing Defense Defense
Zac Dalpe James Sheppard Andrew Shaw Connor Murphy Dylan McIlrath
Last Minutes Defensive
Center Left Wing Right Wing Defense Defense
Jayson Megna Garret Ross Andrew Shaw Joey Laleggia Connor Murphy
Goaltenders
Starting : Chris Driedger
Backup : Leland Irving
Extra Forwards
Normal : Andrew Shaw, Zac Dalpe, James Sheppard - PP : Andrew Shaw, Zac Dalpe - PK : Brian Ferlin
Extra Defensemen
Normal : Connor Murphy, Dylan McIlrath, Julian Melchiori - PP : Gabriel Carlsson - PK : Gabriel Carlsson, Connor Murphy
Penalty Shots
Zac Dalpe, James Sheppard, Andrew Shaw, Borna Rendulic, Connor Murphy
Scratches
Ryan Bourque (Healthy), Alexander Yelesin (Healthy), Blake Speers (Healthy), Brad Ross (Healthy), David Broll (Healthy)
Sean Maguire (Healthy)
Condors
5 vs 5 Forward
Center Left Wing Right Wing Time % Phy DF OF
1 Tyler Bozak Andrew Mangiapane Alex Tuch 40 1 2 2
2 Frederik Gauthier Anton Slepyshev Nail Yakupov 30 1 2 2
3 Mark Jankowski Christian Thomas Daniel Zaar 20 1 2 2
4 Louis Leblanc C.J Suess Mikko Lehtonen 10 1 2 2
5 vs 5 Defense
Defense Defense Time % Phy DF OF
1 Carl Gunnarsson Eric Gustafsson 40 1 2 2
2 Zac Leslie Chris Bigras 30 1 2 2
3 Brett Lernout Erik Cernak 20 1 2 2
4 Carl Gunnarsson Eric Gustafsson 10 1 2 2
PowerPlay Forward
Center Left Wing Right Wing Time % Phy DF OF
1 Frederik Gauthier Anton Slepyshev Alex Tuch 60 1 2 2
2 Tyler Bozak Andrew Mangiapane Nail Yakupov 40 1 2 2
PowerPlay Defense
Defense Defense Time % Phy DF OF
1 Carl Gunnarsson Eric Gustafsson 60 1 2 2
2 Zac Leslie Chris Bigras 40 1 2 2
Penalty Kill 4 Players Forward
Center Wing Time % Phy DF OF
1 Tyler Bozak Nail Yakupov 60 1 2 2
2 Frederik Gauthier Mark Jankowski 40 1 2 2
Penalty Kill 4 Players Defense
Defense Defense Time % Phy DF OF
1 Carl Gunnarsson Eric Gustafsson 60 1 2 2
2 Zac Leslie Brett Lernout 40 1 2 2
Penalty Kill - 3 Players Forward
Forward Time % Phy DF OF
1 Tyler Bozak 60 1 2 2
2 Nail Yakupov 40 1 2 2
Penalty Kill - 3 Players Defense
Defense Defense Time % Phy DF OF
1 Carl Gunnarsson Eric Gustafsson 60 1 2 2
2 Zac Leslie Brett Lernout 40 1 2 2
4 vs 4 Forward
Center Wing Time % Phy DF OF
1 Tyler Bozak Nail Yakupov 60 1 2 2
2 Frederik Gauthier Mark Jankowski 40 1 2 2
4 vs 4 Defense
Defense Defense Time % Phy DF OF
1 Carl Gunnarsson Chris Bigras 60 1 2 2
2 Zac Leslie Eric Gustafsson 40 1 2 2
Last Minutes Offensive
Center Left Wing Right Wing Defense Defense
Tyler Bozak Anton Slepyshev Nail Yakupov Carl Gunnarsson Eric Gustafsson
Last Minutes Defensive
Center Left Wing Right Wing Defense Defense
Tyler Bozak Anton Slepyshev Nail Yakupov Carl Gunnarsson Eric Gustafsson
Goaltenders
Starting : Mackenzie Blackwood
Backup : Mark Visentin
Extra Forwards
Normal : Louis Leblanc, Daniel Zaar, Alex Tuch - PP : Louis Leblanc, Daniel Zaar - PK : Alex Tuch
Extra Defensemen
Normal : Brett Lernout, Erik Cernak, Zac Leslie - PP : Brett Lernout - PK : Erik Cernak, Zac Leslie
Penalty Shots
Tyler Bozak, Nail Yakupov, Frederik Gauthier, Mark Jankowski, Anton Slepyshev
Scratches
Emil Djuse (Healthy), Jacob Larsson (Healthy), Nick Merkley (Healthy), Cole Cassels (Healthy), Jordan Subban (Healthy)
Jeremy Gregoire (Healthy), Connor Hurley (Healthy), Remi Elie (Healthy), Gustav Olofsson (Healthy), Adam Erne (Healthy)
Brett Ritchie (Healthy), Anders Bjork (Healthy), Marc-André Bourdon (Healthy), Hunter Smith (Healthy), Mike Smith (Healthy)
Jack Campbell (Healthy)
% Time on Ice - Rafales
Lines # - Real PCT - Wanted PCT - Time Play
Normal Forward
1 - 32% - 35% - 16:11
2 - 31% - 33% - 15:54
3 - 20% - 18% - 10:11
4 - 17% - 14% - 8:47
Normal Defense
1 - 40% - 40% - 20:15
2 - 35% - 35% - 17:37
3 - 26% - 25% - 13:11
4 - 0% - 0% - 0:00
PP Forward
1 - 55% - 60% - 3:34
2 - 45% - 40% - 2:57
PP Defense
1 - 73% - 60% - 4:46
2 - 27% - 40% - 1:45
PK Forward
1 - 80% - 60% - 1:47
2 - 20% - 40% - 0:26
PK Defense
1 - 86% - 60% - 1:54
2 - 14% - 40% - 0:19
PK3 Forward
1 - 0% - 60%
2 - 0% - 40%
PK3 Defense
1 - 0% - 60%
2 - 0% - 40%
44 Forward
1 - 0% - 60%
2 - 0% - 40%
44 Defense
1 - 0% - 60%
2 - 0% - 40%
Last Minute Offensive - 0:00
Last Minute Defensive - 0:13
Total
Forward - 60:00
Defense - 60:00
|
% Time on Ice - Condors
Lines # - Real PCT - Wanted PCT - Time Play
Normal Forward
1 - 34% - 40% - 17:34
2 - 29% - 30% - 14:45
3 - 23% - 20% - 11:58
4 - 13% - 10% - 6:49
Normal Defense
1 - 38% - 40% - 19:34
2 - 32% - 30% - 16:32
3 - 24% - 20% - 12:07
4 - 6% - 10% - 2:53
PP Forward
1 - 59% - 60% - 1:19
2 - 41% - 40% - 0:54
PP Defense
1 - 50% - 60% - 1:07
2 - 50% - 40% - 1:06
PK Forward
1 - 76% - 60% - 4:56
2 - 24% - 40% - 1:35
PK Defense
1 - 73% - 60% - 4:45
2 - 27% - 40% - 1:46
PK3 Forward
1 - 0% - 60%
2 - 0% - 40%
PK3 Defense
1 - 0% - 60%
2 - 0% - 40%
44 Forward
1 - 0% - 60%
2 - 0% - 40%
44 Defense
1 - 0% - 60%
2 - 0% - 40%
Last Minute Offensive - 0:10
Last Minute Defensive - 0:00
Total
Forward - 60:00
Defense - 60:00
|
Play-by-Play
1st period
0:01 of 1st period - Zac Dalpe wins face-off versus Tyler Bozak in neutral zone.
0:25 of 1st period - Frederik Gauthier is hit by Jayson Megna.
1:12 of 1st period - Slapshot by Pavel Kraskovsky.
1:12 of 1st period - Shot Misses the Net.
2:10 of 1st period - Frederik Gauthier is hit by Ben Thomson and loses puck.
2:29 of 1st period - Erik Cernak is hit by Slater Koekkoek.
2:33 of 1st period - Joey Laleggia is hit by Mark Jankowski.
2:50 of 1st period - Tyler Bozak is hit by Jayson Megna.
3:46 of 1st period - Minor Penalty to Christian Thomas for Hooking.
3:47 of 1st period - Zac Dalpe wins face-off versus Tyler Bozak in Condors zone.
3:50 of 1st period - Wrist shot by James Sheppard.
3:50 of 1st period - Stopped by Mackenzie Blackwood without a rebound.
3:51 of 1st period - Tyler Bozak wins face-off versus Zac Dalpe in Condors zone.
4:00 of 1st period - Slapshot by James Sheppard.
4:00 of 1st period - Shot Misses the Net.
4:39 of 1st period - Off-side.
4:40 of 1st period - Tyler Bozak wins face-off versus Zac Dalpe in neutral zone.
5:46 of 1st period - Penalty to Christian Thomas is over, Christian Thomas is back on ice.
6:07 of 1st period - Ben Thomson is hit by Brett Lernout and loses puck.
6:16 of 1st period - Snap shot by Nail Yakupov.
6:16 of 1st period - Shot Misses the Net.
6:22 of 1st period - Wrist shot by Nail Yakupov.
6:22 of 1st period - Stopped by Chris Driedger without a rebound.
6:23 of 1st period - Zac Dalpe wins face-off versus Louis Leblanc in Rafales zone.
7:40 of 1st period - Icing by Slater Koekkoek.
7:41 of 1st period - Ben Thomson wins face-off versus Louis Leblanc in Rafales zone.
7:50 of 1st period - Snap shot by Zac Dalpe.
7:50 of 1st period - Stopped by Mackenzie Blackwood with a rebound.
8:14 of 1st period - Brett Lernout is hit by Borna Rendulic and loses puck.
8:20 of 1st period - Off-side.
8:21 of 1st period - Andrew Shaw wins face-off versus Tyler Bozak in neutral zone.
8:33 of 1st period - Snap shot by Andrew Mangiapane.
8:33 of 1st period - Shot Blocked by Connor Murphy.
8:55 of 1st period - Wrist shot by Brian Ferlin.
8:55 of 1st period - Goal by Brian Ferlin - Rafales : 1 - Condors : 0.
8:56 of 1st period - Jayson Megna wins face-off versus Frederik Gauthier in neutral zone.
8:59 of 1st period - Wrist shot by Garret Ross.
8:59 of 1st period - Shot Misses the Net.
9:05 of 1st period - Snap shot by Nail Yakupov.
9:05 of 1st period - Shot Blocked by Julian Melchiori.
9:07 of 1st period - Snap shot by Frederik Gauthier.
9:07 of 1st period - Shot Blocked by Jayson Megna.
9:09 of 1st period - Snap shot by Frederik Gauthier.
9:09 of 1st period - Stopped by Chris Driedger with a rebound.
9:23 of 1st period - Wrist shot by Andrew Mangiapane.
9:23 of 1st period - Stopped by Chris Driedger without a rebound.
9:24 of 1st period - Tyler Bozak wins face-off versus Zac Dalpe in Rafales zone.
9:33 of 1st period - Snap shot by Tyler Bozak.
9:33 of 1st period - Shot Blocked by Connor Murphy.
9:35 of 1st period - Slapshot by Chris Bigras.
9:35 of 1st period - Deflect By James Sheppard.
9:35 of 1st period - Stopped by Chris Driedger with a rebound.
9:37 of 1st period - Wrist shot by Tyler Bozak.
9:37 of 1st period - Stopped by Chris Driedger with a rebound.
9:39 of 1st period - Slapshot by Zac Leslie.
9:39 of 1st period - Deflect By Andrew Mangiapane.
9:39 of 1st period - Goal by Andrew Mangiapane - Rafales : 1 - Condors : 1.
9:40 of 1st period - Frederik Gauthier wins face-off versus Jayson Megna in neutral zone.
9:55 of 1st period - Wrist shot by Andrew Shaw.
9:55 of 1st period - Deflect By Jayson Megna.
9:55 of 1st period - Stopped by Mackenzie Blackwood with a rebound.
10:05 of 1st period - Tyler Bozak is hit by Zac Dalpe and loses puck.
10:21 of 1st period - Icing by Alex Tuch.
10:22 of 1st period - Mark Jankowski wins face-off versus Pavel Kraskovsky in Condors zone.
10:22 of 1st period - Mark Jankowski is hit by Pavel Kraskovsky.
10:31 of 1st period - Wrist shot by Borna Rendulic.
10:31 of 1st period - Deflect By Pavel Kraskovsky.
10:31 of 1st period - Stopped by Mackenzie Blackwood without a rebound.
10:32 of 1st period - Tyler Bozak wins face-off versus Jayson Megna in Condors zone.
11:25 of 1st period - Snap shot by Zac Dalpe.
11:25 of 1st period - Stopped by Mackenzie Blackwood with a rebound.
11:27 of 1st period - Snap shot by Zac Dalpe.
11:27 of 1st period - Shot Misses the Net.
11:29 of 1st period - Snap shot by Zac Dalpe.
11:29 of 1st period - Goal by Zac Dalpe - Rafales : 2 - Condors : 1.
11:30 of 1st period - Tyler Bozak wins face-off versus Jayson Megna in neutral zone.
11:45 of 1st period - Slapshot by Connor Murphy.
11:45 of 1st period - Shot Blocked by Tyler Bozak.
12:00 of 1st period - Snap shot by James Sheppard.
12:00 of 1st period - Stopped by Mackenzie Blackwood with a rebound.
12:45 of 1st period - Icing by Zac Leslie.
12:46 of 1st period - Jayson Megna wins face-off versus Mikko Lehtonen in Condors zone.
13:11 of 1st period - James Sheppard is hit by Tyler Bozak and loses puck.
13:16 of 1st period - Wrist shot by Alex Tuch.
13:16 of 1st period - Stopped by Chris Driedger with a rebound.
13:36 of 1st period - Slapshot by Nail Yakupov.
13:36 of 1st period - Shot Misses the Net.
13:38 of 1st period - Snap shot by Frederik Gauthier.
13:38 of 1st period - Goal by Frederik Gauthier - Rafales : 2 - Condors : 2.
13:39 of 1st period - Tyler Bozak wins face-off versus Jayson Megna in neutral zone.
13:52 of 1st period - Wrist shot by Tyler Bozak.
13:52 of 1st period - Shot Misses the Net.
14:04 of 1st period - Eric Gustafsson is hit by Brian Ferlin and loses puck.
14:29 of 1st period - Daniel Zaar is hit by Borna Rendulic and loses puck.
14:52 of 1st period - Mikko Lehtonen is hit by James Livingstone and loses puck.
15:14 of 1st period - Wrist shot by Tyler Bozak.
15:14 of 1st period - Stopped by Chris Driedger with a rebound.
15:16 of 1st period - Wrist shot by Andrew Mangiapane.
15:16 of 1st period - Stopped by Chris Driedger without a rebound.
15:17 of 1st period - Frederik Gauthier wins face-off versus Zac Dalpe in Rafales zone.
15:18 of 1st period - Snap shot by Nail Yakupov.
15:18 of 1st period - Deflect By Frederik Gauthier.
15:18 of 1st period - Stopped by Chris Driedger with a rebound.
15:20 of 1st period - Slapshot by Zac Leslie.
15:20 of 1st period - Deflect By Nail Yakupov.
15:20 of 1st period - Shot Misses the Net.
15:20 of 1st period - Puck is out of play.
15:21 of 1st period - Frederik Gauthier wins face-off versus Zac Dalpe in Rafales zone.
15:30 of 1st period - Snap shot by Nail Yakupov.
15:30 of 1st period - Stopped by Chris Driedger with a rebound.
15:45 of 1st period - Off-side.
15:46 of 1st period - Jayson Megna wins face-off versus Alex Tuch in neutral zone.
16:12 of 1st period - Eric Gustafsson is hit by Gabriel Carlsson and loses puck.
17:29 of 1st period - Wrist shot by Andrew Shaw.
17:29 of 1st period - Shot Misses the Net.
17:35 of 1st period - Slapshot by Andrew Shaw.
17:35 of 1st period - Shot Blocked by Chris Bigras.
18:09 of 1st period - Slapshot by Connor Murphy.
18:09 of 1st period - Deflect By Joe Labate.
18:09 of 1st period - Stopped by Mackenzie Blackwood with a rebound.
18:27 of 1st period - Connor Murphy is hit by Alex Tuch and loses puck.
18:52 of 1st period - Slapshot by Borna Rendulic.
18:52 of 1st period - Deflect By Pavel Kraskovsky.
18:52 of 1st period - Shot Misses the Net.
18:52 of 1st period - Puck is out of play.
18:53 of 1st period - Tyler Bozak wins face-off versus Zac Dalpe in Condors zone.
19:06 of 1st period - Eric Gustafsson is hit by Zac Dalpe and loses puck.
19:25 of 1st period - Snap shot by Garret Ross.
19:25 of 1st period - Stopped by Mackenzie Blackwood without a rebound.
19:26 of 1st period - Frederik Gauthier wins face-off versus Jayson Megna in Condors zone.
19:42 of 1st period - Snap shot by Anton Slepyshev.
19:42 of 1st period - Deflect By Nail Yakupov.
19:42 of 1st period - Stopped by Chris Driedger without a rebound.
19:43 of 1st period - James Sheppard wins face-off versus Tyler Bozak in Rafales zone.
19:43 of 1st period - James Sheppard is hit by Carl Gunnarsson.
19:59 of 1st period - Slapshot by Zac Dalpe.
19:59 of 1st period - Shot Blocked by Carl Gunnarsson.
Goals for this period are 2 for Rafales vs 2 for Condors.
Shots for this period are 10 for Rafales vs 13 for Condors.
2nd period
0:01 of 2nd period - Tyler Bozak wins face-off versus Zac Dalpe in neutral zone.
0:35 of 2nd period - Wrist shot by Andrew Shaw.
0:35 of 2nd period - Goal by Andrew Shaw - Rafales : 3 - Condors : 2.
0:36 of 2nd period - Zac Dalpe wins face-off versus Tyler Bozak in neutral zone.
0:47 of 2nd period - Carl Gunnarsson is hit by Brian Ferlin and loses puck.
1:10 of 2nd period - Snap shot by Andrew Shaw.
1:10 of 2nd period - Shot Blocked by Anton Slepyshev.
1:24 of 2nd period - Wrist shot by Frederik Gauthier.
1:24 of 2nd period - Stopped by Chris Driedger with a rebound.
1:26 of 2nd period - Slapshot by Carl Gunnarsson.
1:26 of 2nd period - Stopped by Chris Driedger without a rebound.
1:27 of 2nd period - Joe Labate wins face-off versus Mark Jankowski in Rafales zone.
1:56 of 2nd period - Wrist shot by Brian Ferlin.
1:56 of 2nd period - Shot Misses the Net.
2:00 of 2nd period - Wrist shot by James Sheppard.
2:00 of 2nd period - Shot Blocked by Chris Bigras.
2:02 of 2nd period - Wrist shot by James Sheppard.
2:02 of 2nd period - Goal by James Sheppard - Rafales : 4 - Condors : 2.
2:02 of 2nd period - Mark Visentin enters game.
2:03 of 2nd period - Tyler Bozak wins face-off versus Garret Ross in neutral zone.
2:06 of 2nd period - Garret Ross is hit by Alex Tuch.
2:28 of 2nd period - Brian Ferlin is hit by Nail Yakupov and loses puck.
2:41 of 2nd period - Wrist shot by Anton Slepyshev.
2:41 of 2nd period - Stopped by Chris Driedger with a rebound.
3:13 of 2nd period - C.J Suess is hit by Slater Koekkoek and loses puck.
3:20 of 2nd period - Wrist shot by Ben Thomson.
3:20 of 2nd period - Stopped by Mark Visentin without a rebound.
3:21 of 2nd period - Tyler Bozak wins face-off versus Jayson Megna in Condors zone.
3:30 of 2nd period - Slapshot by Tyler Bozak.
3:30 of 2nd period - Stopped by Chris Driedger with a rebound.
3:37 of 2nd period - Icing by Jayson Megna.
3:38 of 2nd period - Frederik Gauthier wins face-off versus Jayson Megna in Rafales zone.
3:40 of 2nd period - Minor Penalty to Nail Yakupov for Hooking.
3:41 of 2nd period - Zac Dalpe wins face-off versus Tyler Bozak in Condors zone.
3:55 of 2nd period - Slapshot by Carl Gunnarsson.
3:55 of 2nd period - Shot Blocked by Brian Ferlin.
4:07 of 2nd period - Eric Gustafsson is hit by Garret Ross and loses puck.
4:14 of 2nd period - Snap shot by Garret Ross.
4:14 of 2nd period - Goal by Garret Ross - Rafales : 5 - Condors : 2.
4:15 of 2nd period - Zac Dalpe wins face-off versus Frederik Gauthier in neutral zone.
4:46 of 2nd period - Off-side.
4:47 of 2nd period - Jayson Megna wins face-off versus Tyler Bozak in neutral zone.
4:47 of 2nd period - Jayson Megna is hit by Andrew Mangiapane.
4:55 of 2nd period - Snap shot by Andrew Shaw.
4:55 of 2nd period - Stopped by Mark Visentin with a rebound.
4:57 of 2nd period - Snap shot by Andrew Shaw.
4:57 of 2nd period - Stopped by Mark Visentin with a rebound.
4:59 of 2nd period - Wrist shot by Andrew Shaw.
4:59 of 2nd period - Stopped by Mark Visentin with a rebound.
5:01 of 2nd period - Wrist shot by Andrew Shaw.
5:01 of 2nd period - Stopped by Mark Visentin with a rebound.
5:38 of 2nd period - Wrist shot by Alex Tuch.
5:38 of 2nd period - Shot Blocked by Joey Laleggia.
5:40 of 2nd period - Wrist shot by Tyler Bozak.
5:40 of 2nd period - Shot Misses the Net.
5:42 of 2nd period - Slapshot by Tyler Bozak.
5:42 of 2nd period - Shot Misses the Net.
5:44 of 2nd period - Slapshot by Chris Bigras.
5:44 of 2nd period - Deflect By Andrew Mangiapane.
5:44 of 2nd period - Shot Misses the Net.
5:44 of 2nd period - Puck is out of play.
5:45 of 2nd period - Zac Dalpe wins face-off versus Frederik Gauthier in Rafales zone.
5:45 of 2nd period - Brian Ferlin is hit by Eric Gustafsson.
5:51 of 2nd period - Snap shot by Zac Dalpe.
5:51 of 2nd period - Shot Blocked by Eric Gustafsson.
6:12 of 2nd period - Minor Penalty to Carl Gunnarsson for Hooking.
6:13 of 2nd period - Tyler Bozak wins face-off versus Zac Dalpe in Condors zone.
6:50 of 2nd period - Snap shot by Mark Jankowski.
6:50 of 2nd period - Goal by Mark Jankowski - Rafales : 5 - Condors : 3.
6:51 of 2nd period - Zac Dalpe wins face-off versus Tyler Bozak in neutral zone.
6:58 of 2nd period - Backhand shot by Connor Murphy.
6:58 of 2nd period - Shot Blocked by Eric Gustafsson.
7:26 of 2nd period - Wrist shot by Garret Ross.
7:26 of 2nd period - Deflect By Andrew Shaw.
7:26 of 2nd period - Shot Misses the Net.
7:26 of 2nd period - Puck is out of play.
7:27 of 2nd period - Tyler Bozak wins face-off versus Zac Dalpe in Condors zone.
7:36 of 2nd period - Slapshot by Connor Murphy.
7:36 of 2nd period - Stopped by Mark Visentin without a rebound.
7:37 of 2nd period - Frederik Gauthier wins face-off versus Zac Dalpe in Condors zone.
7:55 of 2nd period - Off-side.
7:56 of 2nd period - Frederik Gauthier wins face-off versus Jayson Megna in neutral zone.
8:12 of 2nd period - Penalty to Carl Gunnarsson is over, Carl Gunnarsson is back on ice.
8:29 of 2nd period - Slapshot by Brian Ferlin.
8:29 of 2nd period - Shot Blocked by Chris Bigras.
8:51 of 2nd period - Wrist shot by Pavel Kraskovsky.
8:51 of 2nd period - Stopped by Mark Visentin without a rebound.
8:52 of 2nd period - Tyler Bozak wins face-off versus Jayson Megna in Condors zone.
8:57 of 2nd period - Garret Ross is hit by Andrew Mangiapane and loses puck.
9:18 of 2nd period - Slater Koekkoek is hit by Eric Gustafsson and loses puck.
9:27 of 2nd period - Snap shot by Christian Thomas.
9:27 of 2nd period - Shot Misses the Net.
9:37 of 2nd period - Snap shot by Andrew Shaw.
9:37 of 2nd period - Shot Blocked by Mark Jankowski.
9:39 of 2nd period - Wrist shot by Jayson Megna.
9:39 of 2nd period - Shot Blocked by Erik Cernak.
9:41 of 2nd period - Snap shot by Andrew Shaw.
9:41 of 2nd period - Shot Misses the Net.
9:43 of 2nd period - Snap shot by Andrew Shaw.
9:43 of 2nd period - Stopped by Mark Visentin with a rebound.
9:45 of 2nd period - Wrist shot by Andrew Shaw.
9:45 of 2nd period - Stopped by Mark Visentin without a rebound.
9:46 of 2nd period - Zac Dalpe wins face-off versus Tyler Bozak in Condors zone.
9:47 of 2nd period - Snap shot by James Sheppard.
9:47 of 2nd period - Stopped by Mark Visentin with a rebound.
9:49 of 2nd period - Snap shot by James Sheppard.
9:49 of 2nd period - Goal by James Sheppard - Rafales : 6 - Condors : 3.
9:50 of 2nd period - Zac Dalpe wins face-off versus Tyler Bozak in neutral zone.
10:15 of 2nd period - Nail Yakupov is hit by Ben Thomson.
10:19 of 2nd period - Snap shot by Nail Yakupov.
10:19 of 2nd period - Stopped by Chris Driedger with a rebound.
10:46 of 2nd period - Wrist shot by Garret Ross.
10:46 of 2nd period - Deflect By Jayson Megna.
10:46 of 2nd period - Shot Blocked by Chris Bigras.
10:46 of 2nd period - Puck is out of play.
10:47 of 2nd period - Tyler Bozak wins face-off versus Zac Dalpe in Condors zone.
10:47 of 2nd period - Tyler Bozak is hit by James Sheppard.
10:57 of 2nd period - Andrew Mangiapane is hit by James Sheppard and loses puck.
11:22 of 2nd period - Minor Penalty to Andrew Shaw for Hooking.
11:23 of 2nd period - Zac Dalpe wins face-off versus Frederik Gauthier in Rafales zone.
11:23 of 2nd period - Zac Dalpe is hit by Frederik Gauthier.
11:34 of 2nd period - Wrist shot by Frederik Gauthier.
11:34 of 2nd period - Stopped by Chris Driedger with a rebound.
11:36 of 2nd period - Snap shot by Alex Tuch.
11:36 of 2nd period - Goal by Alex Tuch - Rafales : 6 - Condors : 4.
11:37 of 2nd period - Tyler Bozak wins face-off versus Brian Ferlin in neutral zone.
11:40 of 2nd period - Slapshot by Carl Gunnarsson.
11:40 of 2nd period - Shot Blocked by Julian Melchiori.
11:47 of 2nd period - Icing by Gabriel Carlsson.
11:48 of 2nd period - Zac Dalpe wins face-off versus Alex Tuch in Rafales zone.
12:41 of 2nd period - Off-side.
12:42 of 2nd period - Jayson Megna wins face-off versus Tyler Bozak in neutral zone.
12:55 of 2nd period - Slapshot by Garret Ross.
12:55 of 2nd period - Deflect By Jayson Megna.
12:55 of 2nd period - Shot Blocked by Tyler Bozak.
12:55 of 2nd period - Puck is out of play.
12:56 of 2nd period - Joe Labate wins face-off versus Frederik Gauthier in Condors zone.
12:57 of 2nd period - Wrist shot by Ben Thomson.
12:57 of 2nd period - Deflect By Joe Labate.
12:57 of 2nd period - Shot Misses the Net.
12:57 of 2nd period - Puck is out of play.
12:58 of 2nd period - Frederik Gauthier wins face-off versus Joe Labate in Condors zone.
12:58 of 2nd period - Frederik Gauthier is hit by Joe Labate.
13:03 of 2nd period - Off-side.
13:04 of 2nd period - Frederik Gauthier wins face-off versus Joe Labate in neutral zone.
13:13 of 2nd period - Snap shot by Anton Slepyshev.
13:13 of 2nd period - Shot Misses the Net.
13:15 of 2nd period - Snap shot by Nail Yakupov.
13:15 of 2nd period - Stopped by Chris Driedger with a rebound.
13:17 of 2nd period - Wrist shot by Nail Yakupov.
13:17 of 2nd period - Goal by Nail Yakupov - Rafales : 6 - Condors : 5.
13:18 of 2nd period - Andrew Shaw wins face-off versus Tyler Bozak in neutral zone.
13:25 of 2nd period - Wrist shot by Garret Ross.
13:25 of 2nd period - Stopped by Mark Visentin with a rebound.
14:04 of 2nd period - Slapshot by Frederik Gauthier.
14:04 of 2nd period - Deflect By Ben Thomson.
14:04 of 2nd period - Stopped by Chris Driedger with a rebound.
14:06 of 2nd period - Snap shot by Daniel Zaar.
14:06 of 2nd period - Shot Blocked by Gabriel Carlsson.
14:08 of 2nd period - Wrist shot by Christian Thomas.
14:08 of 2nd period - Stopped by Chris Driedger without a rebound.
14:09 of 2nd period - Mark Jankowski wins face-off versus Jayson Megna in Rafales zone.
14:12 of 2nd period - Snap shot by Daniel Zaar.
14:12 of 2nd period - Shot Misses the Net.
14:14 of 2nd period - Snap shot by Daniel Zaar.
14:14 of 2nd period - Goal by Daniel Zaar - Rafales : 6 - Condors : 6.
14:15 of 2nd period - Tyler Bozak wins face-off versus James Sheppard in neutral zone.
14:42 of 2nd period - Garret Ross is hit by Nail Yakupov and loses puck.
15:07 of 2nd period - Snap shot by James Livingstone.
15:07 of 2nd period - Shot Misses the Net.
15:09 of 2nd period - Backhand shot by Joey Laleggia.
15:09 of 2nd period - Stopped by Mark Visentin with a rebound.
15:11 of 2nd period - Wrist shot by Ben Thomson.
15:11 of 2nd period - Deflect By James Livingstone.
15:11 of 2nd period - Shot Blocked by Carl Gunnarsson.
15:11 of 2nd period - Puck is out of play.
15:12 of 2nd period - Zac Dalpe wins face-off versus Andrew Mangiapane in Condors zone.
15:58 of 2nd period - Slapshot by Connor Murphy.
15:58 of 2nd period - Deflect By Pavel Kraskovsky.
15:58 of 2nd period - Shot Misses the Net.
15:58 of 2nd period - Puck is out of play.
15:59 of 2nd period - Mark Jankowski wins face-off versus Pavel Kraskovsky in Condors zone.
16:21 of 2nd period - Wrist shot by Pavel Kraskovsky.
16:21 of 2nd period - Stopped by Mark Visentin with a rebound.
16:24 of 2nd period - Icing by Carl Gunnarsson.
16:25 of 2nd period - Zac Dalpe wins face-off versus Mark Jankowski in Condors zone.
16:33 of 2nd period - Dylan McIlrath is hit by Mark Jankowski and loses puck.
16:40 of 2nd period - Snap shot by Daniel Zaar.
16:40 of 2nd period - Shot Blocked by James Sheppard.
16:42 of 2nd period - Slapshot by Carl Gunnarsson.
16:42 of 2nd period - Shot Misses the Net.
17:06 of 2nd period - Dylan McIlrath is hit by Carl Gunnarsson and loses puck.
17:13 of 2nd period - Wrist shot by Mark Jankowski.
17:13 of 2nd period - Deflect By Daniel Zaar.
17:13 of 2nd period - Shot Blocked by Brian Ferlin.
17:13 of 2nd period - Puck is out of play.
17:14 of 2nd period - Jayson Megna wins face-off versus Tyler Bozak in Rafales zone.
17:14 of 2nd period - Jayson Megna is hit by Andrew Mangiapane.
17:28 of 2nd period - Backhand shot by Andrew Shaw.
17:28 of 2nd period - Shot Blocked by Andrew Mangiapane.
17:30 of 2nd period - Wrist shot by Julian Melchiori.
17:30 of 2nd period - Deflect By Alex Tuch.
17:30 of 2nd period - Stopped by Mark Visentin with a rebound.
18:14 of 2nd period - Snap shot by Borna Rendulic.
18:14 of 2nd period - Shot Misses the Net.
18:56 of 2nd period - Snap shot by Zac Dalpe.
18:56 of 2nd period - Stopped by Mark Visentin with a rebound.
19:00 of 2nd period - Wrist shot by James Livingstone.
19:00 of 2nd period - Goal by James Livingstone - Rafales : 7 - Condors : 6.
19:01 of 2nd period - Tyler Bozak wins face-off versus Jayson Megna in neutral zone.
Goals for this period are 5 for Rafales vs 4 for Condors.
Shots for this period are 20 for Rafales vs 13 for Condors.
3rd period
0:01 of 3rd period - Tyler Bozak wins face-off versus Jayson Megna in neutral zone.
0:26 of 3rd period - Carl Gunnarsson is hit by Gabriel Carlsson and loses puck.
1:19 of 3rd period - Wrist shot by Pavel Kraskovsky.
1:19 of 3rd period - Stopped by Mark Visentin without a rebound.
1:20 of 3rd period - Tyler Bozak wins face-off versus Jayson Megna in Condors zone.
1:35 of 3rd period - Snap shot by Alex Tuch.
1:35 of 3rd period - Shot Blocked by Julian Melchiori.
3:05 of 3rd period - Zac Dalpe is hit by Anton Slepyshev and loses puck.
3:48 of 3rd period - Tyrell Goulbourne is hit by C.J Suess and loses puck.
3:59 of 3rd period - Snap shot by Louis Leblanc.
3:59 of 3rd period - Stopped by Chris Driedger with a rebound.
4:14 of 3rd period - Wrist shot by Andrew Mangiapane.
4:14 of 3rd period - Shot Hit the Post.
5:18 of 3rd period - Wrist shot by Julian Melchiori.
5:18 of 3rd period - Shot Misses the Net.
5:36 of 3rd period - Tyrell Goulbourne is hit by Mikko Lehtonen and loses puck.
5:49 of 3rd period - Slapshot by Borna Rendulic.
5:49 of 3rd period - Stopped by Mark Visentin with a rebound.
5:55 of 3rd period - Slapshot by Joey Laleggia.
5:55 of 3rd period - Shot Misses the Net.
5:57 of 3rd period - Snap shot by Borna Rendulic.
5:57 of 3rd period - Goal by Borna Rendulic - Rafales : 8 - Condors : 6.
5:58 of 3rd period - Alex Tuch wins face-off versus Jayson Megna in neutral zone.
6:23 of 3rd period - Frederik Gauthier is hit by Zac Dalpe and loses puck.
6:46 of 3rd period - Snap shot by Daniel Zaar.
6:46 of 3rd period - Stopped by Chris Driedger without a rebound.
6:47 of 3rd period - Mark Jankowski wins face-off versus Joe Labate in Rafales zone.
6:48 of 3rd period - Snap shot by Daniel Zaar.
6:48 of 3rd period - Shot Hit the Post.
6:50 of 3rd period - Wrist shot by Christian Thomas.
6:50 of 3rd period - Stopped by Chris Driedger with a rebound.
6:52 of 3rd period - Slapshot by Christian Thomas.
6:52 of 3rd period - Stopped by Chris Driedger without a rebound.
6:53 of 3rd period - Jayson Megna wins face-off versus Tyler Bozak in Rafales zone.
7:14 of 3rd period - Minor Penalty to Julian Melchiori for Elbowing.
7:15 of 3rd period - Zac Dalpe wins face-off versus Frederik Gauthier in Rafales zone.
8:04 of 3rd period - Andrew Shaw is hit by Anton Slepyshev and loses puck.
9:14 of 3rd period - Penalty to Julian Melchiori is over, Julian Melchiori is back on ice.
9:15 of 3rd period - Slater Koekkoek is hit by Daniel Zaar.
9:19 of 3rd period - Slapshot by Julian Melchiori.
9:19 of 3rd period - Shot Misses the Net.
9:37 of 3rd period - Snap shot by Mark Jankowski.
9:37 of 3rd period - Stopped by Chris Driedger without a rebound.
9:38 of 3rd period - Mark Jankowski wins face-off versus Jayson Megna in Rafales zone.
10:34 of 3rd period - Tyrell Goulbourne is hit by Carl Gunnarsson and loses puck.
12:11 of 3rd period - Carl Gunnarsson is hit by Jayson Megna and loses puck.
12:20 of 3rd period - Wrist shot by Tyler Bozak.
12:20 of 3rd period - Shot Blocked by Julian Melchiori.
12:32 of 3rd period - C.J Suess is hit by Pavel Kraskovsky and loses puck.
12:47 of 3rd period - Joey Laleggia is hit by Erik Cernak and loses puck.
12:54 of 3rd period - Wrist shot by Mark Jankowski.
12:54 of 3rd period - Shot Misses the Net.
13:58 of 3rd period - Slapshot by Nail Yakupov.
13:58 of 3rd period - Stopped by Chris Driedger with a rebound.
14:46 of 3rd period - Minor Penalty to Daniel Zaar for Interference.
14:47 of 3rd period - Zac Dalpe wins face-off versus Nail Yakupov in Condors zone.
15:12 of 3rd period - Wrist shot by Andrew Shaw.
15:12 of 3rd period - Stopped by Mark Visentin without a rebound.
15:13 of 3rd period - Jayson Megna wins face-off versus Tyler Bozak in Condors zone.
16:46 of 3rd period - Penalty to Daniel Zaar is over, Daniel Zaar is back on ice.
17:23 of 3rd period - Joe Labate is hit by Mikko Lehtonen and loses puck.
17:30 of 3rd period - Wrist shot by Mikko Lehtonen.
17:30 of 3rd period - Stopped by Chris Driedger with a rebound.
17:32 of 3rd period - Snap shot by C.J Suess.
17:32 of 3rd period - Goal by C.J Suess - Rafales : 8 - Condors : 7.
17:33 of 3rd period - Mark Jankowski wins face-off versus Joe Labate in neutral zone.
17:42 of 3rd period - Snap shot by Joe Labate.
17:42 of 3rd period - Stopped by Mark Visentin with a rebound.
17:44 of 3rd period - Slapshot by Julian Melchiori.
17:44 of 3rd period - Stopped by Mark Visentin with a rebound.
18:30 of 3rd period - Wrist shot by Tyler Bozak.
18:30 of 3rd period - Shot Misses the Net.
18:42 of 3rd period - Chris Bigras is hit by Jayson Megna and loses puck.
18:53 of 3rd period - Condors, Mark Visentin is pulled from the net.
18:59 of 3rd period - Slapshot by Gabriel Carlsson.
18:59 of 3rd period - Goal by Gabriel Carlsson - Rafales : 9 - Condors : 7.
18:59 of 3rd period - Mark Visentin from Condors was sent back in the game.
19:00 of 3rd period - Joe Labate wins face-off versus Mark Jankowski in neutral zone.
19:03 of 3rd period - Snap shot by James Livingstone.
19:03 of 3rd period - Shot Blocked by Daniel Zaar.
19:11 of 3rd period - Slapshot by Daniel Zaar.
19:11 of 3rd period - Shot Misses the Net.
19:13 of 3rd period - Snap shot by Eric Gustafsson.
19:13 of 3rd period - Stopped by Chris Driedger with a rebound.
19:15 of 3rd period - Snap shot by Mark Jankowski.
19:15 of 3rd period - Stopped by Chris Driedger with a rebound.
19:25 of 3rd period - Nail Yakupov is hit by Garret Ross and loses puck.
Goals for this period are 2 for Rafales vs 1 for Condors.
Shots for this period are 7 for Rafales vs 10 for Condors.